 Dungeon Crawl Stone Soup version 0.29-a0-451-gfbfa42419e (webtiles) character file.

Game seed: 2125165122797625222

1617 acebull12 the Covert (level 9, -10/52 HPs)
             Began as a Kobold Brigand on May 19, 2022.
             Was an Initiate of Dithmenos.
             Mangled by a gnoll sergeant
             ... wielding a +2 spear of venom
              (13 damage)
             ... on level 5 of the Dungeon.
             The game lasted 00:12:43 (6045 turns).

acebull12 the Covert (Kobold Brigand)               Turns: 6045, Time: 00:12:44

Health: -10/52     AC:  7    Str: 13    XL:     9   Next: 17%
Magic:  9/9        EV: 17    Int: 12    God:    Dithmenos [......]
Gold:   242        SH:  4    Dex: 22    Spells: 8/8 levels left

rFire   . . .      SeeInvis .   a - +3 dagger (venom)
rCold   . . .      Faith    .   (no shield)
rNeg    . . .      Spirit   .   b - +0 robe
rPois   .          Reflect  .   (no helmet)
rElec   .          Harm     .   c - +1 cloak
rCorr   .          Rampage  .   (no gloves)
Will    .....                   i - +0 pair of boots
Stlth   ++++++....              s - amulet of the acrobat
HPRegen 0.17/turn               o - +6 ring of dexterity
MPRegen 0.11/turn               (no ring)

@: studying Ice Magic
A: small, no large weapons, nightstalker 3, iridescent scales 1, large bone
plates 1, wild magic 1, sturdy frame 1
a: Renounce Religion


You were on level 5 of the Dungeon.
You worshipped Dithmenos.
Dithmenos was noncommittal.
You visited 2 branches of the dungeon, and saw 6 of its levels.

You collected 242 gold pieces.

Inventory:

Hand Weapons
 a - a +3 dagger of venom (weapon)
 p - a +0 dagger of holy wrath
Missiles
 d - 11 poisoned darts
 e - 3 curare-tipped darts (quivered)
 y - 3 throwing nets
Armour
 b - a +0 robe (worn)
 c - a +1 cloak (worn)
 i - a +0 pair of boots (worn)
Jewellery
 o - a +6 ring of dexterity (left hand)
 s - an amulet of the acrobat (around neck)
Wands
 v - a wand of polymorph (11)
Scrolls
 k - 3 scrolls of teleportation
 l - 2 scrolls of enchant armour
 q - a scroll of fear {unknown}
 r - a scroll of fog {unknown}
 t - a scroll of blinking {unknown}
 u - a scroll of vulnerability {unknown}
 z - 2 scrolls of amnesia {unknown}
 A - a scroll of enchant weapon
Potions
 f - 2 potions of lignification
 g - 3 potions of haste
 h - a potion of ambrosia
 j - 3 potions of heal wounds
 m - a potion of curing
 n - 3 potions of brilliance
 w - a potion of might
 x - a potion of berserk rage {unknown}


   Skills:
 * Level 4.7 Fighting
 * Level 7.5 Short Blades
 + Level 2.3 Throwing
 + Level 4.6 Dodging
 * Level 11.8 Stealth
 + Level 1.4 Shields


You had 8 spell levels left.
You didn't know any spells.
Your spell library contained the following spells:

 Spells                   Type           Power      Damage    Failure   Level
 Summon Small Mammal      Summ           0%         N/A       41%         1
 Blink                    Tloc           0%         N/A       54%         2
 Call Canine Familiar     Summ           0%         N/A       77%         3
 Confusing Touch          Hex            0%         N/A       77%         3
 Gell's Gravitas          Tloc           0%         N/A       77%         3
 Ignite Poison            Fire/Tmut/Pois 0%         N/A       77%         3
 Lesser Beckoning         Tloc           0%         N/A       77%         3
 Mephitic Cloud           Conj/Pois/Air  0%         N/A       77%         3
 Ozocubu's Armour         Ice            0%         N/A       77%         3
 Portal Projectile        Hex/Tloc       0%         N/A       77%         3
 Summon Guardian Golem    Hex/Summ       0%         N/A       77%         3
 Teleport Other           Tloc           0%         N/A       77%         3
 Leda's Liquefaction      Hex/Erth       0%         N/A       98%         4
 Freezing Cloud           Conj/Ice/Air   0%         6-21      100%        5
 Manifold Assault         Tloc           0%         N/A       100%        5
 Yara's Violent Unravell  Hex/Tmut       0%         3d3       100%        5
 Conjure Ball Lightning   Conj/Air       0%         3x3d6     100%        6
 Dispersal                Tloc           0%         N/A       100%        6
 Enfeeble                 Hex            0%         N/A       100%        7
 Ozocubu's Refrigeration  Ice            0%         4d5       100%        7
 Discord                  Hex            0%         N/A       100%        8
 Disjunction              Tloc           0%         N/A       100%        8


Dungeon Overview and Level Annotations

Branches:
Dungeon (5/15)             Temple (1/1) D:4

Altars:
Ashenzari
Dithmenos
Hepliaklqana
Makhleb
Nemelex Xobeh
Okawaru
Qazlal
Sif Muna
Trog
Vehumet
The Shining One

Shops:
D:2 (   D:5 :

Annotations:
D:5 1 runed translucent door, bladeefan's ghost, novice DsCK


Innate Abilities, Weirdness & Mutations

You are small and have problems with some larger weapons.
You are completely attuned to the shadows.
You are partially covered in iridescent scales. (AC +2)
You are partially covered in large bone plates. (SH +4)
Your spells are a little harder to cast, but a little more powerful.
Your movements are slightly less encumbered by armour. (ER -2)


Message History

The gnoll sergeant completely misses you.
The gnoll sergeant misses you.
You hit the gnoll sergeant.
The gnoll sergeant is moderately wounded.
You hit the gnoll sergeant.
The gnoll sergeant is heavily wounded.
The gnoll sergeant hits you with a +2 spear of venom.
You are poisoned.
You hit the gnoll sergeant but do no damage.
The gnoll sergeant looks even sicker.
The gnoll sergeant is heavily wounded.
You feel sick.
The gnoll sergeant attacks as you move away!
You block the gnoll sergeant's attack.
You feel sick.
The gnoll sergeant hits you from afar with a +2 spear of venom!
You are lethally poisoned!
* * * LOW HITPOINT WARNING * * *
You feel very sick.
* * * LOW HITPOINT WARNING * * *
You feel very sick.
* * * LOW HITPOINT WARNING * * *
You feel very sick.
You feel better.
The gnoll sergeant hits you from afar with a +2 spear of venom.
* * * LOW HITPOINT WARNING * * *
You are poisoned.
* * * LOW HITPOINT WARNING * * *
You feel very sick.
You feel sick.
* * * LOW HITPOINT WARNING * * *
You feel sick.
You feel sick.
You feel sick.
You feel sick.
You feel sick.
The gnoll sergeant looks more healthy.
You feel sick.
You are no longer poisoned.
There is an escape hatch in the ceiling here.
The gnoll sergeant hits you from afar with a +2 spear of venom!
You die...

..................##.....#..).#.#
#.................##.......##...#
)....#...........###....g...#....
...####.#..................#....#
#...##................##..####...
##<........)..........#..## ##...
#........(...)............# #.)..
#..#..###......).....#....###....
...#...#........@..###.##..##....
...#...#..........g..#.#........#
......##..........#.##.........##
.....##.....).....#.......##...'.
.#....#...).......#......###...'.
.#..............#..##....# ##..##
......).....)..###.......# ##...#
......###....#####..##...###.....
.....#####...####..###........##.


You could see a gnoll sergeant.

Vanquished Creatures
  Prince Ribbit (D:5)
  Grum (D:5)
  A black bear (D:5)
  2 centaurs (D:4)
  A phantom (D:5)
  3 necrophages
  A scorpion (D:5)
  A gnoll sergeant (D:5)
  7 hounds (D:5)
  2 gnoll shamans (D:5)
  3 iguanas
  An orc wizard (D:3)
  Ijyb (D:5)
  5 adders
  17 gnolls
  A worm (D:5)
  A dart slug (D:4)
  5 orcs
  9 endoplasms
  3 giant cockroaches
  10 goblins
  3 hobgoblins
  2 jackals (D:5)
  2 quokkas
  5 ball pythons
  6 bats
  A frilled lizard (D:1)
  5 kobolds
  4 rats
104 creatures vanquished.

Notes
Turn   | Place    | Note
-------+----------+-------------------------------------------
     0 | D:1      | acebull12 the Kobold Brigand began the quest for the Orb.
     0 | D:1      | Reached XP level 1. HP: 12/12 MP: 1/1
   213 | D:1      | Reached XP level 2. HP: 17/17 MP: 2/2
   308 | D:1      | Reached skill level 6 in Stealth
   308 | D:1      | Reached XP level 3. HP: 12/21 MP: 3/3
   969 | D:2      | Found a burning altar of Makhleb.
  1036 | D:2      | Found a faded altar of an unknown god.
  1483 | D:2      | Found Heiwn's Antique Weapon Boutique.
  1708 | D:3      | Reached XP level 4. HP: 27/27 MP: 4/4
  1710 | D:3      | Gained mutation: You are partially covered in iridescent
                  | scales. (AC +2) [potion of mutation]
  1710 | D:3      | Gained mutation: You are partially covered in large bone
                  | plates. (SH +4) [potion of mutation]
  1710 | D:3      | Gained mutation: Your movements are slightly less
                  | encumbered by armour. (ER -2) [potion of mutation]
  1710 | D:3      | Gained mutation: Your spells are a little harder to cast,
                  | but a little more powerful. [potion of mutation]
  2282 | D:3      | Reached skill level 7 in Stealth
  2630 | D:3      | Reached XP level 5. HP: 32/32 MP: 5/5
  3537 | D:4      | Reached XP level 6. HP: 37/37 MP: 6/6
  3556 | D:4      | Found a staircase to the Ecumenical Temple.
  3566 | Temple   | Entered the Ecumenical Temple
  3835 | D:4      | Reached skill level 8 in Stealth
  3880 | D:4      | Reached XP level 7. HP: 37/41 MP: 7/7
  4028 | D:4      | Found a stormy altar of Qazlal.
  4387 | D:5      | Entered Level 5 of the Dungeon
  4395 | D:5      | Reached skill level 5 in Short Blades
  4399 | D:5      | Reached skill level 9 in Stealth
  4586 | D:5      | Noticed Ijyb
  4598 | D:5      | Killed Ijyb
  4601 | D:5      | Found a runed translucent door.
  4615 | D:5      | Noticed Prince Ribbit
  4619 | D:5      | Killed Prince Ribbit
  4620 | D:5      | Reached skill level 10 in Stealth
  4620 | D:5      | Reached skill level 1 in Shields
  4620 | D:5      | Reached XP level 8. HP: 48/48 MP: 8/8
  4711 | D:5      | Noticed Grum
  4714 | D:5      | Killed Grum
  5026 | D:5      | Reached skill level 11 in Stealth
  5204 | D:5      | Reached XP level 9. HP: 29/52 MP: 9/9
  5442 | D:5      | Found a shadowy altar of Dithmenos.
  5476 | D:5      | Became a worshipper of Dithmenos the Shadowed
  5566 | D:5      | Found Vuresa's Book Shoppe.
  5982 | D:5      | Noticed bladeefan's ghost (novice DsCK)
  6040 | D:5      | HP: 2/52 [poisoned by a gnoll sergeant]
  6045 | D:5      | Mangled by a gnoll sergeant

Illustrated notes

Levels and vault maps discovered:
D:1:      amcnicky_arrival_underground_garden, layout_loops_cross,
          chequers_serial_rivers_small_a, minmay_tromino_v2
D:2:      layout_basic, basic_altar, chequers_ecumenical_altar_simple_redux,
          serial_shops, nicolae_shop_stone
D:3:      layout_basic
D:4:      layout_basic, kennysheep_mini, temple_fountains, minmay_manual_mares
D:5:      layout_cave_pools, nicolae_dithmenos_the_darkroom, serial_gnoll_camp,
          gnoll_camp_mini_shop, gnoll_camp_mini_basic, gnoll_camp_mini_hut,
          gnoll_camp_mini_sergeant, gnoll_camp_mini_loothouse, grums_kennel,
          ebering_ghost_sewer_d, minmay_misc_feat_chi, uniq_ijyb,
          uniq_prince_ribbit1
Temple:   nicolae_temple_figure_zero

Skill      XL: |  1  2  3  4  5  6  7  8 |
---------------+-------------------------+-----
Short Blades   | 3 4 6 7 |  7.5
Stealth        | 6 7 8 10 11 | 11.8
Fighting       | 3 4 |  4.7
Dodging        | 2 3 4 |  4.6
Shields        | 1 |  1.4
Throwing       | |  2.3

Action                   |  1- 3 |  4- 6 |  7- 9 || total
-------------------------+-------+-------+-------++-------
Melee: Dagger            |    46 |   101 |   154 ||   301
       Punch             |       |       |     4 ||     4
  Use: Scroll            |     8 |     5 |     1 ||    14
       Potion            |       |     3 |     1 ||     4
 Stab: Sleeping          |    19 |    14 |    12 ||    45
       Distracted        |       |     1 |     1 ||     2
Armor: Robe              |     9 |    39 |    27 ||    75
Dodge: Dodged            |    12 |    78 |   152 ||   242
Block: Other             |       |    23 |    18 ||    41

Table legend: (Time is in decaauts)
 A = Elapsed time spent in this place.
 B = Non-inter-level travel time spent in this place.
 C = Inter-level travel time spent in this place.
 D = Time resting spent in this place.
 E = Time spent auto-exploring this place.
 F = Levels seen in this place.
 G = Mean time per level.
                   A        B        C        D        E       F      G
               +--------+--------+--------+--------+--------+-----+--------+
         Total |   5971 |   5746 |    225 |    828 |   3948 |   6 |  995.2 |
       Dungeon |   5846 |   5630 |    216 |    828 |   3835 |   5 | 1169.2 |
        Temple |    124 |    115 |      9 |      0 |    113 |   1 |  124.0 |
               +--------+--------+--------+--------+--------+-----+--------+

Top non-repeatable levels by time:
     D:3: 1618 daAuts
     D:5: 1609 daAuts
     D:4: 1098 daAuts
     D:1: 926 daAuts
     D:2: 593 daAuts
  Temple: 124 daAuts
